 Dungeon Crawl Stone Soup version 0.18.1-48-g4cf74bf (webtiles) character file.

618 WarriorsX the Skirmisher (level 7, -1/58 HPs)
             Began as a Human Fighter on July 30, 2016.
             Slain by Duvessa
             ... wielding a +0 short sword
              (3 damage)
             ... on level 5 of the Dungeon.
             The game lasted 00:14:49 (4354 turns).

WarriorsX the Skirmisher (Human Fighter)            Turns: 4354, Time: 00:14:50

Health: -1/58      AC:  0    Str: 23    XL:     7   Next: 74%
Magic:  7/7        EV:  7    Int:  8    God:
Gold:   210        SH:  9    Dex: 13    Spells: 0 memorised, 6 levels left

rFire  . . .     SeeInvis .     a - +0 long sword
rCold  + . .     Gourm    .     h - +0 plate armour
rNeg   . . .     Faith    .     c - +0 shield
rPois  .         Spirit   .     g - +0 helmet
rElec  .         Dismiss  .     (no cloak)
rCorr  .         Reflect  .     (no gloves)
SustAt .         Harm     .     (no boots)
MR     .....                    (no amulet)
Stlth  ..........               j - ring of protection from cold
                                w - +3 ring of evasion

@: mighty, corroded, not resistant to hostile enchantments, extremely unstealthy
A: no striking features
a: no special abilities


You were on level 5 of the Dungeon.
You were not hungry.

You visited 2 branches of the dungeon, and saw 6 of its levels.

You collected 210 gold pieces.

Inventory:

Hand Weapons
 a - a +0 long sword (weapon)
Armour
 c - a +0 shield (worn)
 g - a +0 helmet (worn)
 h - a +0 plate armour (worn)
Jewellery
 j - a ring of protection from cold (right hand)
 m - an uncursed ring of poison resistance
 w - a +3 ring of evasion (left hand)
Wands
 u - a wand of acid (0/15)
 v - a wand of polymorph (11/24)
Scrolls
 e - 5 scrolls of identify
 i - a scroll of random uselessness
 l - 2 scrolls of magic mapping {unknown}
 q - a scroll of fear {unknown}
Potions
 d - a potion of might
 n - a potion of flight
 p - a potion of degeneration {unknown}
 r - a potion of cancellation
 s - a potion of lignification
Books
 b - a book of Changes

   Spells                             Type                      Level
   a - Beastly Appendage              Transmutation                1
   b - Sticks to Snakes               Transmutation                2
   c - Spider Form                    Transmutation/Poison         3
   d - Ice Form                       Ice/Transmutation            4
   e - Blade Hands                    Transmutation                5
Comestibles
 f - 2 bread rations
 k - a slice of pizza
 o - 5 meat rations
 t - a chunk of flesh


   Skills:
 - Level 6.1 Fighting
 + Level 6.0 Long Blades
 - Level 3.0 Armour
 - Level 3.0 Shields


You had 6 spell levels left.
You didn't know any spells.

Dungeon Overview and Level Annotations

Branches:
Dungeon (5/15)             Temple (1/1) D:4

Altars:
Ashenzari
Cheibriados
Dithmenos
Elyvilon
Fedhas
Gozag
Kikubaaqudgha
Makhleb
Nemelex Xobeh
Okawaru
Pakellas
Qazlal
Ru
Trog
Vehumet
Xom
Yredelemnul
Zin

Annotations:
D:3 WarriorsX's ghost, amateur HuFi
D:5 Duvessa


Message History

The crimson imp blinks!
Duvessa shouts!
Duvessa goes berserk!
Duvessa rages.
The crimson imp blinks!
Duvessa rages.
You hear a shout! x2
You hear a shout!
Duvessa rages.
Duvessa hits you with a short sword!
* * * LOW HITPOINT WARNING * * *
Drink which item? (? for menu, Esc to quit)
You feel very mighty all of a sudden. You block the crimson imp's attack.
You block Duvessa's attack.
You slash Duvessa!
Duvessa is lightly wounded.
Duvessa hits you with a short sword!
* * * LOW HITPOINT WARNING * * *
The crimson imp blinks!
Duvessa hits you with a short sword.
You die...

#...####.).## ..... #..#
###(.# ...... #... ##(###
###...... ..#
#####.((####........ .#
..........)..........
....................)
....######...#.......
###.########..)..........
........ยง@e..#...#........
...5..########...##)......
##... ######.......##....
##. .............#.... #
.#..............##.
...................
.....)........#....
...................
..##......>...##...


You could see Duvessa (berserk) and a crimson imp.

Vanquished Creatures
  An orc warrior (D:3)
  A centaur (D:5)
  Dowan (D:5)
  A jelly (D:5)
  A hound (D:4)
  Jessica (D:3)
  Ijyb (D:2)
  An orc wizard (D:3)
  A worker ant (D:4)
  Terence (D:2)
  A hound skeleton (D:5)
  5 adders
  7 gnolls
  2 worms (D:2)
  10 orcs
  A ball python (D:2)
  13 bats
  A giant cockroach (D:1)
  10 goblins
  5 hobgoblins
  4 jackals (D:5)
  2 quokkas
  4 giant newts
  3 kobolds
  6 rats
84 creatures vanquished.

Notes
Turn   | Place    | Note
--------------------------------------------------------------
     0 | D:1      | WarriorsX the Human Fighter began the quest for the Orb.
     0 | D:1      | Reached XP level 1. HP: 18/18 MP: 1/1
   191 | D:1      | Reached XP level 2. HP: 24/24 MP: 2/2
   798 | D:2      | Reached XP level 3. HP: 30/30 MP: 3/3
  1210 | D:2      | Noticed Ijyb
  1225 | D:2      | Killed Ijyb
  1225 | D:2      | Reached XP level 4. HP: 37/37 MP: 4/4
  1697 | D:2      | Reached XP level 5. HP: 26/43 MP: 5/5
  1878 | D:2      | Reached skill level 5 in Fighting
  1903 | D:2      | Noticed Terence
  1912 | D:2      | Killed Terence
  2152 | D:3      | Noticed Jessica
  2155 | D:3      | Killed Jessica
  2155 | D:3      | Reached XP level 6. HP: 51/51 MP: 6/6
  2373 | D:3      | Noticed an orc warrior
  2682 | D:3      | Killed an orc warrior
  2683 | D:3      | Reached XP level 7. HP: 14/57 MP: 7/7
  3125 | D:3      | Noticed WarriorsX's ghost (amateur HuFi)
  3595 | D:4      | Found a staircase to the Ecumenical Temple.
  3914 | Temple   | Entered the Ecumenical Temple
  4019 | D:5      | Entered Level 5 of the Dungeon
  4046 | D:5      | Reached skill level 5 in Long Blades
  4255 | D:5      | Noticed Dowan
  4257 | D:5      | Noticed Duvessa
  4304 | D:5      | Killed Dowan
  4354 | D:5      | HP: 2/58 [Duvessa/short sword (7)]
  4354 | D:5      | Slain by Duvessa

Skill      XL: |  1  2  3  4  5  6  7 |
---------------+----------------------+-----
Fighting       | 4 5 6 |  6.1
Long Blades    | 3 4 6 |  6.0
Armour         | |  3.0
Shields        | |  3.0

Action                   |  1- 3 |  4- 6 |  7- 9 || total
-------------------------+-------+-------+-------++-------
Melee: Long sword        |   108 |   212 |    97 ||   417
Evoke: Wand              |       |     3 |       ||     3
  Use: Scroll            |       |       |     6 ||     6
       Potion            |       |       |     5 ||     5
  Eat: Chunk             |     1 |     5 |     4 ||    10
       Beef jerky        |       |       |     1 ||     1
Armor: Plate armour      |    85 |   143 |    58 ||   286
       Scale mail        |     6 |       |       ||     6
Dodge: Dodged            |    13 |    23 |    12 ||    48
Block: Shield            |    82 |   103 |    43 ||   228
